 Dungeon Crawl Stone Soup version 0.30.1-4-g462c640d31 (webtiles) character file.

Game seed: 9172763122093898361

5573 Wiggles the Cleaver (level 10, -1/88 HPs)
             Began as a Minotaur Berserker on Aug 18, 2023.
             Was a High Priest of Trog.
             Slain by an orc warrior
             ... wielding a +0 long sword
              (5 damage)
             ... on level 9 of the Dungeon.
             The game lasted 00:14:04 (6954 turns).

Wiggles the Cleaver (Minotaur Berserker)            Turns: 6954, Time: 00:14:04

Health: -1/88      AC: 12    Str: 26    XL:     10   Next: 44%
Magic:  9/9        EV: 12    Int:  4    God:    Trog [*****.]
Gold:   483        SH:  0    Dex: 16    Spells: 9/9 levels left

rFire   . . .        q - +1 executioner's axe (vamp)
rCold   . . .        (shield currently unavailable)
rNeg    . . .        v - +0 chain mail
rPois   .            (helmet restricted)
rElec   .            n - +0 cloak
rCorr   .            (no gloves)
SInv    .            (no boots)
Will    .....        (no amulet) Stlth
                     A - +6 ring of dexterity
HPRegen 0.34/turn    (no ring)
MPRegen 0.11/turn

%: no passive effects
@: brilliant, on berserk cooldown, slowed, very slow
A: horns 2, retaliatory headbutt
a: Renounce Religion, Berserk, Trog's Hand, Brothers in Arms


You were on level 9 of the Dungeon.
You worshipped Trog.
Trog was extremely pleased with you.
You visited 1 branch of the dungeon, and saw 9 of its levels.
You also visited: Ossuary.

You collected 483 gold pieces.

Inventory:

Hand Weapons
 c - a +1 vampiric broad axe
 q - a +1 vampiric executioner's axe (weapon)
Missiles
 B - 2 throwing nets (quivered)
Armour
 m - a +0 tower shield
 n - a +0 cloak (worn)
 v - a +0 chain mail (worn)
Jewellery
 A - a +6 ring of dexterity (left hand)
Wands
 b - a wand of charming (5)
 r - a wand of digging (6)
 y - a wand of polymorph (7)
 z - a wand of flame (30)
Scrolls
 g - a scroll of vulnerability
 i - 3 scrolls of fear
 l - 6 scrolls of teleportation
Potions
 a - a potion of might {unknown}
 d - 9 potions of flight
 e - a potion of haste {unknown}
 f - 4 potions of attraction
 j - 9 potions of curing
 k - 2 potions of mutation
 p - 2 potions of lignification
 t - a potion of magic
 u - a potion of brilliance
 C - a potion of ambrosia {unknown}
 D - 2 potions of heal wounds {unknown}
Miscellaneous
 h - a piece from Xom's chessboard (15/15)


   Skills:
 + Level 8.2 Fighting
 + Level 11.8 Axes
 + Level 9.4 Armour
 + Level 5.7 Dodging
 + Level 0.4 Stealth
 + Level 7.1 Shields


You had 9 spell levels left.
You didn't know any spells.
Your spell library was empty.

Dungeon Overview and Level Annotations

Branches:
Dungeon (9/15)             Temple (0/1) D:6            Lair (0/5) D:8
    Orc (0/2) D:9         Ossuary (visited)

Altars:
Cheibriados
Dithmenos
Gozag
Hepliaklqana
Kikubaaqudgha
Makhleb
Qazlal
Sif Muna
Trog
Wu Jian
Xom
Yredelemnul


Innate Abilities, Weirdness & Mutations

You have a pair of horns on your head.
You reflexively headbutt those who attack you in melee.


Message History

* * * LOW HITPOINT WARNING * * *
Your ogre goes berserk!
The killer bee closely misses you. You furiously retaliate!
You headbutt the killer bee!
The killer bee stings you but does no damage.
The yak gores you.
* * * LOW HITPOINT WARNING * * *
The orc warrior closely misses you. You furiously retaliate!
You headbutt the orc warrior! The orc priest closely misses you.
The orc barely misses you.
The kobold brigand hits you with a +0 dagger.
* * * LOW HITPOINT WARNING * * *
The killer bee closely misses you. The yak completely misses you.
It was a potion of magic.
Magic courses through your body. The killer bee closely misses you. x2
Your ogre barely misses the kobold brigand.
The kobold brigand barely misses you. The orc hits you but does no damage.
The orc priest barely misses you. The orc warrior closely misses you.
The yak closely misses you. You furiously retaliate!
You headbutt the yak! The killer bee barely misses you.
You furiously retaliate!
You headbutt the killer bee. The kobold brigand barely misses you.
You furiously retaliate!
You headbutt the kobold brigand.
The orc warrior hits you with a +0 long sword.
* * * LOW HITPOINT WARNING * * *
The orc priest hits you with a +0 war axe.
* * * LOW HITPOINT WARNING * * *
The orc hits you but does no damage.
It was a potion of brilliance.
You feel clever all of a sudden. The killer bee misses you.
You furiously retaliate!
You headbutt the killer bee.
You kill the killer bee!
The killer bee's corpse dissolves into shadows!
Your ogre hits the kobold brigand with a +0 giant club!!
The kobold brigand dies!
Trog accepts your kill. The yak gores you!
* * * LOW HITPOINT WARNING * * *
The orc warrior hits you with a +0 long sword.
You die...

.................
.................
................#
.........)).....##
.........)).......
#...K.Y..)†##....
##....##o)O.##....
....gg##oy........
....KyYo@o........
..#.oYY#o..#....#
# #.oY<###+#....#
.......Yo........#
..................
##############....


You could see 6 yaks, 2 orc warriors, a gnoll sergeant (summoned), 2 killer
bees, an orc priest, a gnoll (summoned), 4 orcs, a kobold and a friendly ogre
(summoned, berserk).

Vanquished Creatures
  Maggie (D:7)
  A komodo dragon (D:8)
  Sigmund (D:5)
  A wyvern (D:8)
  4 humans (D:6)
  3 yaks (D:9)
  2 steam dragons
  A warg (D:9)
  Duvessa (D:7)
  4 water moccasins
  2 ice beasts
  2 black bears
  3 sky beasts (D:7)
  3 ogres
  2 centaurs (D:6)
  2 phantoms
  A kobold brigand (D:8)
  5 bullfrogs
  A scorpion (D:8)
  3 water moccasin zombies (Ossuary)
  4 wights (D:8)
  Dowan (D:7)
  A killer bee (D:8)
  A howler monkey (D:6)
  2 jellies
  3 orc priests
  3 hounds
  A gnoll bouda (D:6)
  2 iguanas
  2 sleepcaps
  4 orc wizards
  2 mummies (Ossuary)
  5 adders
  6 gnolls
  A white imp (D:6)
  8 adder zombies (Ossuary)
  A worm (D:3)
  A dart slug (D:1)
  27 orcs
  6 endoplasms
  6 giant cockroaches
  13 goblins
  11 hobgoblins
  9 jackals (D:3)
  2 quokkas (D:3)
  3 ball pythons
  7 bats
  3 frilled lizards
  2 gnoll zombies (Ossuary)
  9 hobgoblin zombies (Ossuary)
  14 kobolds
  7 kobold zombies (Ossuary)
  4 orc zombies (Ossuary)
  7 rats
221 creatures vanquished.

Vanquished Creatures (collateral kills)
  A kobold brigand (D:9)
1 creature vanquished.

Grand Total: 222 creatures vanquished

Notes
Turn   | Place    | Note
-------+----------+-------------------------------------------
     0 | D:1      | Wiggles the Minotaur Berserker began the quest for the Orb.
     0 | D:1      | Reached XP level 1. HP: 19/19 MP: 0/0
   151 | D:1      | Reached XP level 2. HP: 27/27 MP: 1/1
   225 | D:1      | Reached skill level 4 in Axes
   278 | D:1      | Found a faded altar of an unknown god.
   307 | D:1      | Reached ** piety under Trog
   490 | D:1      | Reached XP level 3. HP: 33/33 MP: 2/2
   893 | D:2      | Reached XP level 4. HP: 34/41 MP: 3/3
  1415 | D:3      | Found an opulent altar of Gozag.
  2102 | D:4      | Reached skill level 5 in Axes
  2173 | D:4      | Found a shadowy altar of Dithmenos.
  2209 | D:4      | Reached *** piety under Trog
  2210 | D:4      | Reached XP level 5. HP: 46/46 MP: 4/4
  2441 | D:4      | Noticed a phantom
  2451 | D:4      | Killed a phantom
  2452 | D:4      | Reached skill level 1 in Shields
  2547 | D:4      | Found a snail-covered altar of Cheibriados.
  2547 | D:4      | Found a basalt altar of Yredelemnul.
  2549 | D:4      | Found a shimmering blue altar of Sif Muna.
  2672 | D:5      | Entered Level 5 of the Dungeon
  2751 | D:5      | Found an ornate altar of the Wu Jian Council.
  2751 | D:5      | Noticed an ogre
  2758 | D:5      | Killed an ogre
  2759 | D:5      | Reached XP level 6. HP: 55/55 MP: 5/5
  2945 | D:5      | Found a sand-covered staircase.
  2953 | Ossuary  | Entered an ossuary
  3083 | Ossuary  | Reached skill level 5 in Fighting
  3083 | Ossuary  | Reached skill level 6 in Axes
  3123 | Ossuary  | Reached XP level 7. HP: 53/61 MP: 6/6
  3320 | D:5      | Reached **** piety under Trog
  3485 | D:5      | Noticed Sigmund
  3490 | D:5      | Killed Sigmund
  3491 | D:5      | Reached skill level 7 in Axes
  3726 | D:5      | Reached skill level 5 in Armour
  3810 | D:6      | Reached XP level 8. HP: 70/70 MP: 7/7
  3827 | D:6      | Reached skill level 8 in Axes
  3847 | D:6      | Found a staircase to the Ecumenical Temple.
  4097 | D:6      | Reached skill level 5 in Dodging
  4141 | D:6      | Reached skill level 9 in Axes
  4150 | D:6      | Reached skill level 5 in Shields
  4336 | D:6      | Reached XP level 9. HP: 62/75 MP: 8/8
  4439 | D:6      | Found a burning altar of Makhleb.
  4457 | D:6      | Found a hazy altar of Hepliaklqana.
  4995 | D:7      | Found a bloodstained altar of Trog.
  5192 | D:7      | Noticed Maggie
  5212 | D:7      | Killed Maggie
  5417 | D:7      | Reached skill level 10 in Axes
  5563 | D:7      | Found a stormy altar of Qazlal.
  5588 | D:7      | Found an ancient bone altar of Kikubaaqudgha.
  5630 | D:7      | Noticed Dowan
  5633 | D:7      | Killed Dowan
  5633 | D:7      | Noticed Duvessa
  5646 | D:7      | Killed Duvessa
  5832 | D:7      | Identified the +10 rapier of the Endless March {freeze,
                  | *Corrode Dex+5}
  5882 | D:7      | Identified 2 scrolls of acquirement
  5882 | D:7      | Acquired a +1 vampiric broad axe
  5890 | D:7      | Acquired a +1 vampiric executioner's axe
  6151 | D:8      | Reached XP level 10. HP: 63/86 MP: 9/9
  6340 | D:8      | Found a staircase to the Lair.
  6383 | D:8      | Reached skill level 11 in Axes
  6456 | D:8      | Found a shimmering altar of Xom.
  6920 | D:9      | Found a staircase to the Orcish Mines.
  6934 | D:9      | Reached ***** piety under Trog
  6954 | D:9      | HP: 4/88 [yak[a kobold] (8)]
  6954 | D:9      | Slain by an orc warrior

Illustrated notes

Levels and vault maps discovered:
D:1:      minmay_arrival_split_and_join, layout_rooms,
          shapermc_ecumenical_altar_rom_forum, minmay_3d_cube
D:2:      layout_basic
D:3:      layout_basic, mainiacjoe_overflow_paths, st_stairs_3
D:4:      layout_gridville, gammafunk_temple_overflow_claw,
          mainiacjoe_overflow_boulevard
D:5:      layout_loops_ring, nicolae_wu_jian_immortal_techniques,
          chequers_ossuary_entry_cave, uniq_sigmund
D:6:      layout_cave_pods, lemuel_doored_altar, lemuel_crystal_altar,
          minmay_temple_entry_ruins, chequers_serial_rivers_micro_e,
          minmay_ruffians
D:7:      layout_basic, nicolae_qazlal_scattered_showers, trog_hazing_becter,
          nicolae_kikubaaqudgha_miasma_corner, uniq_duvessa, uniq_maggie
D:8:      layout_cave_pools, xom_butterflies, due_lair_maze_entry_diamond
D:9:      layout_irregular_city, lemuel_coloured_pillars_altar, erik_orc_4

Skill      XL: |  1  2  3  4  5  6  7  8  9 10 |
---------------+-------------------------------+-----
Fighting       | 4 5 6 7 8 |  8.2
Axes           | 4 5 6 7 9 10 11 | 11.8
Dodging        | 3 4 5 |  5.7
Armour         | 3 4 5 6 8 9 |  9.4
Shields        | 1 2 3 5 7 |  7.1
Stealth        | |  0.4

Action                     |  1- 3 |  4- 6 |  7- 9 | 10-12 || total
---------------------------+-------+-------+-------+-------++-------
  Melee: Hand axe          |    61 |   259 |   243 |       ||   563
         Headbutt          |     5 |    36 |    52 |    11 ||   104
         War axe           |       |       |    16 |       ||    16
         Executioner's axe |       |       |    14 |    46 ||    60
 Invoke: Berserk           |     1 |     1 |     7 |     1 ||    10
         Brothers in Arms  |       |       |       |     1 ||     1
    Use: Scroll            |       |       |    16 |       ||    16
         Potion            |       |       |     2 |     2 ||     4
 Armour: Animal skin       |     6 |       |       |       ||     6
         Ring mail         |     7 |    29 |       |       ||    36
         Scale mail        |       |    57 |    12 |       ||    69
         Chain mail        |       |       |   102 |    49 ||   151
  Dodge: Dodged            |    38 |    72 |    92 |    62 ||   264
  Block: Tower shield      |       |   116 |   169 |       ||   285
